 Dungeon Crawl Stone Soup version 0.28.0-49-g6dfe1f597d (webtiles) character file.

Game seed: 17021434969838286269

87 Atelerd the Digger (level 4, -3/28 HPs)
             Began as an Octopode Earth Elementalist on May 12, 2022.
             Slain by an orc
             ... wielding a +0 hand axe
              (7 damage)
             ... on level 3 of the Dungeon.
             The game lasted 00:01:41 (2243 turns).

Atelerd the Digger (Octopode Earth Elementalist)    Turns: 2243, Time: 00:01:42

Health: -3/28      AC:  1    Str:  7    XL:     4   Next: 51%
Magic:  2/8        EV: 13    Int: 19    God:
Gold:   70         SH:  0    Dex: 12    Spells: 7/8 levels left

rFire   . . .      SeeInvis .   a - +0 dagger
rCold   . . .      Faith    .   (no shield)
rNeg    . . .      Spirit   .   (helmet restricted)
rPois   .          Reflect  .   (no amulet)
rElec   .          Harm     .   k - +4 ring of slaying
rCorr   .          Rampage  .   (no ring)
Will    .....                   (no ring)
Stlth   +++.......              (no ring)
HPRegen 0.09/turn               (no ring)
MPRegen 0.11/turn               (no ring)
                                (no ring)
                                (no ring)

@: no status effects
A: almost no armour, amphibious, 8 rings, camouflage 1, gelatinous body 1,
(nimble swimmer 1), tentacles
a: no special abilities


You were on level 3 of the Dungeon.
You visited 1 branch of the dungeon, and saw 3 of its levels.

You collected 70 gold pieces.

Inventory:

Hand Weapons
 a - a +0 dagger (weapon)
Missiles
 b - 93 stones
Jewellery
 k - a +4 ring of slaying (left tentacle)
Scrolls
 d - a scroll of teleportation {unknown}
 e - a scroll of amnesia {unknown}
Potions
 c - a potion of mutation {unknown}
 f - a potion of might {unknown}
 g - 2 potions of berserk rage {unknown}
 h - 2 potions of brilliance {unknown}
 i - a potion of ambrosia {unknown}
 j - a potion of cancellation {unknown}


   Skills:
 * Level 1.0 Fighting
 * Level 1.0 Short Blades
 - Level 2.0 Dodging
 - Level 2.6 Stealth
 + Level 2.8 Spellcasting
 - Level 2.0 Transmutations
 + Level 3.7 Earth Magic


You had 7 spell levels left.
You knew the following spells:

 Your Spells              Type           Power      Damage    Failure   Level
a - Sandblast             Erth           32%        2d9       3%          1

Your spell library contained the following spells:

 Spells                   Type           Power      Damage    Failure   Level
 Passwall                 Tmut/Erth      10%        N/A       7%          2
 Stone Arrow              Conj/Erth      18%        3d8       22%         3
 Petrify                  Tmut/Erth      13%        N/A       43%         4


Dungeon Overview and Level Annotations

Branches:
Dungeon (3/15)

Altars:


Innate Abilities, Weirdness & Mutations

You cannot wear most types of armour.
You are amphibious.
You can wear up to eight rings at the same time.
Your skin changes colour to match your surroundings (Stealth+).
Your rubbery body absorbs attacks. (AC +1, EV +1)
((You are camouflaged when in or above water. (Stealth+)))
You have tentacles for arms and can constrict up to eight enemies at once.


Message History

An orc is nearby!
Things that are here:
a +0 club; a +0 leather armour; 10 gold pieces The orc hits you with a +0 hand axe.
You are too injured to fight recklessly!
You are too injured to fight recklessly!
You are too injured to fight recklessly!
Casting: Sandblast (safe; 3% risk of failure)
Confirm with . or Enter, or press ? or * to list all spells.
Aiming: Sandblast (safe; 3% risk of failure)
Press: ? - help, Shift-Dir - straight line, f - orc
Aim: an orc, wielding a +0 hand axe (79% to hit)
The blast of sand hits the orc.
The orc is severely wounded.
The orc barely misses you.
Unknown command.
Casting: Sandblast (safe; 3% risk of failure)
Confirm with . or Enter, or press ? or * to list all spells.
Aiming: Sandblast (safe; 3% risk of failure)
Press: ? - help, Shift-Dir - straight line, f/p - orc
Aim: an orc, wielding a +0 hand axe (severely wounded, 79% to hit)
The blast of sand misses the orc.
The orc hits you with a +0 hand axe.
Unknown command.
Unknown command.
Casting: Sandblast (safe; 3% risk of failure)
Confirm with . or Enter, or press ? or * to list all spells.
Aiming: Sandblast (safe; 3% risk of failure)
Press: ? - help, Shift-Dir - straight line, f/p - orc
Aim: an orc, wielding a +0 hand axe (severely wounded, 79% to hit)
The blast of sand misses the orc.
The orc hits you with a +0 hand axe.
* * * LOW HITPOINT WARNING * * *
Unknown command.
Unknown command.
Casting: Sandblast (safe; 3% risk of failure)
Confirm with . or Enter, or press ? or * to list all spells.
Aiming: Sandblast (safe; 3% risk of failure)
Press: ? - help, Shift-Dir - straight line, f/p - orc
Aim: an orc, wielding a +0 hand axe (severely wounded, 79% to hit)
The blast of sand misses the orc.
The orc hits you with a +0 hand axe!
You die...

#..##
#...#
##..# #..#
#..# #..#
#.#####..#
#.....)).#
#######@##
#o# ..#
####


You could see an orc.

Vanquished Creatures
  An orc priest (D:3)
  2 adders
  A worm (D:2)
  A dart slug (D:1)
  2 orcs (D:3)
  2 ball pythons (D:1)
  4 bats
  An endoplasm (D:3)
  3 giant cockroaches
  2 goblins
  3 hobgoblins
  2 jackals (D:1)
  2 quokkas
  3 frilled lizards
  2 kobolds
  3 rats
34 creatures vanquished.

Notes
Turn   | Place    | Note
-------+----------+-------------------------------------------
     0 | D:1      | Atelerd the Octopode Earth Elementalist began the quest for
                  | the Orb.
     0 | D:1      | Reached XP level 1. HP: 11/11 MP: 3/3
   281 | D:1      | Reached XP level 2. HP: 17/17 MP: 5/5
   743 | D:1      | Found a faded altar of an unknown god.
  1358 | D:2      | Reached XP level 3. HP: 21/21 MP: 4/6
  2233 | D:3      | Reached XP level 4. HP: 18/27 MP: 5/8
  2235 | D:3      | Reached skill level 1 in Fighting
  2235 | D:3      | Reached skill level 1 in Short Blades
  2243 | D:3      | Slain by an orc

Illustrated notes

Levels and vault maps discovered:
D:1:      giann_horns, layout_basic, hellmonk_ecumenical_altar_dog_temple
D:2:      layout_basic, minmay_misc_feat_diagonals,
          corexii_item_surrounded_by_moat
D:3:      layout_loops_ring, serial_park_tiny_2

Skill      XL: |  1  2  3  4 |
---------------+-------------+-----
Transmutations | 2 |  2.0
Fighting       | 1 |  1.0
Short Blades   | 1 |  1.0
Dodging        | |  2.0
Stealth        | |  2.6
Spellcasting   | |  2.8
Earth Magic    | |  3.7

Action                   |  1- 3 |  4- 6 || total
-------------------------+-------+-------++-------
Melee: Dagger            |    54 |     2 ||    56
       Constrict         |    17 |     1 ||    18
       Tentacles         |     9 |       ||     9
       Unarmed           |     1 |       ||     1
 Cast: Sandblast         |     6 |     4 ||    10
 Stab: Sleeping          |    11 |       ||    11
Armor: Skin              |     5 |       ||     5
Dodge: Dodged            |    26 |     1 ||    27
